[Event "*** Titled Tuesday Blitz"]
[Site "Chess.com"]
[Date "2020.12.01"]
[Round "2"]
[White "TrenerChos"]
[Black "VinzentSpitzl"]
[Result "0-1"]
[WhiteElo "2160"]
[BlackElo "2405"]
[TimeControl "180+1"]
[EndTime "10:18:32 PST"]
[Termination "VinzentSpitzl won on time"]

1. d4 d5 2. Nf3 Nf6 3. g3 e6 4. Bg2 Be7 5. O-O O-O 6. c4 dxc4 7. Ne5 Nc6 8. Nf3 Bd7 9. e3 Na5 10. Nc3 c5 11. Ne5 cxd4 12. exd4 Nc6 13. Nxc4 Nb4 14. a3 Nbd5 15. Ne3 Bc6 16. Qd3 Qd7 17. Bd2 Rac8 18. b4 a6 19. Nc4 Nxc3 20. Nb6 Bb5 21. Qe3 Qc7 22. Nxc8 Bxf1 23. Nxe7+ Qxe7 24. Bxf1 Ncd5 25. Qd3 Rc8 26. Bg2 Qd6 27. Qf1 h6 28. Rc1 Rc7 29. Qd3 Rxc1+ 30. Bxc1 Qc7 31. Bb2 b5 32. Kf1 Qc4 33.
Qxc4 bxc4 34. Ke2 Kf8 35. h3 Ke7 36. Kd2 Kd6 37. f3 Nb6 38. f4 Nfd5 39. Bf1 Na4 40.
Ba1 Nab6 41. Be2 Kc6 42. Bd1 Kb5 43. Bc2 g6 44. Bb2 Nc8 45. Bd1 Nd6 46. Be2 Ne4+ 47. Kc2 Nxg3 48. Bf3 Nf5 49. Be4 Nd6 0-1

[Event "*** Titled Tuesday Blitz"]
[Site "Chess.com"]
[Date "2020.12.01"]
[Round "2"]
[White "pavelalexandru07"]
[Black "gochatoria98"]
[Result "1-0"]
[WhiteElo "2345"]
[BlackElo "1918"]
[TimeControl "180+1"]
[EndTime "10:18:32 PST"]
[Termination "pavelalexandru07 won by resignation"]

1. e4 c5 2. Nf3 e6 3. d4 cxd4 4.
Nxd4 a6 5. c4 Nf6 6. Nc3 Bb4 7. e5 Ne4 8. Qg4 Nxc3 9. Bd2 O-O 10. bxc3 Bc5 11. Bh6 g6 12. Bxf8 Qxf8 13. Bd3 d6 14.
O-O dxe5 15. Nb3 Bd6 16. c5 Bc7 17. Bc4 Nc6 18. Rad1 a5 19. a4 Kg7 20. Qe2 b6 21. Qe4 Bb7 22. Rd7 Rc8 23. cxb6 Nd8 24. Qe3 Bb8 25. Bxe6 Bc6 26. b7 Rc7 27. Rxc7 Bxc7 28. Bc8 Nxb7 29. Bxb7 Bxb7 30. Qa7 Qc8 31. Rd1 Qg4 32.
f3 Bxf3 33. Rd2 Bd8 34. Qe3 Ba8 35. h3 Qe6 36. Nc5 Qb6 37. Qxe5+ Bf6 38. Qd6 Qb1+ 39. Kf2 Qf5+ 40. Kg1 Be5 41. Qd7 Qb1+ 42. Kf2 Qb6 43. Qb5 Qf6+ 44. Kg1 Bg3 45. Nd3 Qf4 46. Nxf4 Bxf4 47.
Qxa5 Be3+ 48. Kf1 Bxd2 49. Qe5+ f6 50. Qd4 Kh6 51. Qxd2+ Kg7 52. a5 g5 53. Qd4 Bc6 54. Kf2 Bb5 55. Qc5 Ba4 56. Qb6 1-0

[Event "*** Titled Tuesday Blitz"]
[Site "Chess.com"]
[Date "2020.12.01"]
[Round "2"]
[White "nelsoncopa"]
[Black "Andrii_Prydun"]
[Result "0-1"]
[WhiteElo "1961"]
[BlackElo "2344"]
[TimeControl "180+1"]
[EndTime "10:18:35 PST"]
[Termination "Andrii_Prydun won by resignation"]

1. d4 d5 2. c4 c6 3. Nf3 Nf6 4.
cxd5 cxd5 5. Bg5 Ne4 6. Bh4 Qb6 7. Qb3 e5 8. Qxb6 axb6 9. dxe5 Bb4+ 10. Nbd2 Bg4 11. a3 Bxf3 12. gxf3 Bxd2+ 13. Kd1 Nc5 14. Rb1 Bf4 15. e3 Bxe5 16. f4 Bd6 17. Bg2 Ne4 18. Ke2 Nc6 19. Rhd1 Be7 20. Bg3 Rd8 21. b4 Nc3+ 22. Kd2 Nxb1+ 23. Rxb1 f5 24. Kd3 g6 25.
Bf3 Kf7 26. h3 h6 27. Rb3 h5 28. h4 b5 29. Be2 Rc8 30. Kd2 Na7 31. Bf3 Rc4 32.
Bxd5+ Kf6 33. Bxc4 bxc4 34. Rc3 Rd8+ 35. Ke2 b5 36. f3 Rd3 37. Rxd3 cxd3+ 38. Kxd3 Nc6 39. e4 Ke6 40. e5 Bd6 41. exd6 Kxd6 42. Bf2 Kd5 43.
Bc5 Nd8 44. Ke3 Ne6 45. Be7 Kc4 46. Bd6 Kb3 47. Kd3 Kxa3 48. Ke3 Kb3 49. Kd3 Kb2 50. Ke3 Kc3 51. Be7 Kc4 52. Bd6 Nd4 53. Bc5 Nc2+ 54. Kd2 Nxb4 55. Bf8 Nd5 56. Bd6 b4 57. Kc2 b3+ 58.
Kb2 Ne3 59. Be5 Ng2 60. Kb1 Nxh4 61. Kb2 Nxf3 62. Kc1 h4 63. Kb2 h3 64. Bd6 h2 0-1

[Event "*** Titled Tuesday Blitz"]
[Site "Chess.com"]
[Date "2020.12.01"]
[Round "2"]
[White "Valeron76"]
[Black "Zkid"]
[Result "1-0"]
[WhiteElo "2521"]
[BlackElo "2783"]
[TimeControl "180+1"]
[EndTime "10:18:36 PST"]
[Termination "Valeron76 won by resignation"]

1. e4 e6 2. d3 d5 3. Be2 dxe4 4. dxe4 Qxd1+ 5. Bxd1 e5 6. Nc3 c6 7. Nf3 Nd7 8. O-O Ngf6 9. Be2 Bd6 10. Be3 O-O 11. Nd2 Bc7 12. a4 Rd8 13. Rfd1 Nf8 14. Nc4 Rxd1+ 15. Rxd1 Be6 16. f3 N8d7 17. Nd6 b6 18.
Kf2 Rd8 19. Nc4 Kf8 20. b3 Ke7 21. Bc1 Nc5 22. Rxd8 Kxd8 23. b4 Ncd7 24. b5 c5 25. Ne3 Nf8 26. h4 Ng6 27. g3 Ne7 28. Bc4 Kd7 29.
Ke2 Ne8 30. Bxe6+ Kxe6 31. Bb2 g6 32. Ncd5 Nxd5 33. Nxd5 Bd8 34. Kd3 Nd6 35. c4 f5 36.
Bc3 Nf7 37. Be1 h6 38. g4 Nd6 39. Bf2 Bf6 40. a5 Bd8 41. a6 Ne8 42. exf5+ gxf5 43. Be3 e4+ 44. fxe4 fxg4 45. Bxh6 Bxh4 46. Bf4 g3 47.
Bb8 Kd7 48. Ne3 Nd6 49. e5 Nc8 50. Ke4 Bg5 51. Ng2 Ke6 52. Bc7 Bd2 53. Bb8 Bc1 54. Bc7 Bd2 55. Kf3 Bc3 56. Kf4 Bb2 57. Bb8 Bc3 58. Bc7 Ne7 59. Bxb6 Bxe5+ 60. Ke4 Nc8 61. Bxc5 Bd6 62. Bd4 Bb4 63. Kf3 Kf5 64. Ne3+ Ke6 65. Kxg3 Kd6 66. Kf3 Bc5 67. Ke4 Bb4 68. Nf5+ Ke6 69.
Ne3 Kd6 70. c5+ Kc7 71. Nd5+ Kd7 72. Nxb4 1-0

[Event "*** Titled Tuesday Blitz"]
[Site "Chess.com"]
[Date "2020.12.01"]
[Round "2"]
[White "1977Ivan"]
[Black "Mostii"]
[Result "0-1"]
[WhiteElo "2667"]
[BlackElo "2476"]
[TimeControl "180+1"]
[EndTime "10:18:36 PST"]
[Termination "Mostii won on time"]

1. d4 e6 2. Nf3 Nf6 3. c4 b6 4. e3 Bb7 5. Bd3 g6 6. Nc3 Bg7 7. e4 d6 8. O-O Nbd7 9. Re1 e5 10.
h3 O-O 11. Bg5 exd4 12. Nxd4 Nc5 13. Bc2 Ne6 14. Be3 Re8 15. f3 Nh5 16. Nde2 Be5 17. Qd2 Qf6 18. Rf1 Nef4 19. Nxf4 Nxf4 20. g3 Ne6 21.
Kg2 Bd4 22. Rae1 Bxe3 23. Rxe3 a5 24. b3 Qd4 25. Qe1 Qg7 26. Rf2 Nd4 27. Bd3 Re7 28. Nd5 Bxd5 29. cxd5 Rae8 30. Qd2 f5 31. Re1 fxe4 32.
Rxe4 Nf5 33. Rfe2 Rxe4 34. Bxe4 Qe5 35. f4 Qf6 36. Bf3 Rxe2+ 37. Qxe2 Kf7 38. Bg4 h5 39.
Bxf5 Qxf5 40. Qf3 Qc2+ 41. Kg1 Qc1+ 42. Kg2 Qb2+ 43. Qf2 Qb1 44. Qe2 Qf5 45. Qc4 Qd7 46.
Kf3 Qe7 47. g4 h4 48. g5 Qe1 49. Qe4 Qh1+ 50. Ke3 Qxh3+ 51. Kd4 Qd7 52. f5 Qxf5 53.
Qxh4 Qe5+ 54. Kc4 Qe2+ 55. Kc3 Qe5+ 56. Kc4 Qg7 57. Qf2+ Ke7 58. Kb5 Kd8 59. Qf4 Qd7+ 60. Ka6 Kc8 0-1

[Event "*** Titled Tuesday Blitz"]
[Site "Chess.com"]
[Date "2020.12.01"]
[Round "2"]
[White "Margency"]
[Black "GP9isback23"]
[Result "0-1"]
[WhiteElo "2671"]
[BlackElo "2497"]
[TimeControl "180+1"]
[EndTime "10:18:38 PST"]
[Termination "GP9isback23 won on time"]

1. e4 c6 2. d4 d5 3. exd5 cxd5 4.
c4 Nf6 5. Nc3 e6 6. Bg5 Bb4 7.
Nf3 O-O 8. Bd3 dxc4 9. Bxc4 Nbd7 10. O-O Bxc3 11. bxc3 Qc7 12. Qd3 b6 13. Rac1 Bb7 14.
Bb3 Be4 15. Qe3 Qb7 16. c4 Rac8 17. Rfd1 Rfe8 18. Ne1 h6 19. Bh4 b5 20. c5 a5 21. a3 Bc6 22. f3 a4 23. Ba2 b4 24.
axb4 Qxb4 25. Nc2 Qb7 26. Na3 Bd5 27. Nc4 Bxc4 28. Bxc4 Qa7 29. Bf2 Nb8 30. Bb5 Red8 31. Ra1 a3 32. Rxa3 Qe7 33. Rda1 Nd5 34. Qe4 Nc6 35.
h4 Qc7 36. h5 Nf6 37. Qxc6 Qxc6 38. Bxc6 Rxc6 39. g4 Rdc8 40. Ra8 Nd5 41. R1a6 Kh7 42.
Rxc8 Rxc8 43. Ra7 Kg8 44. Kf1 Kf8 45. Bg3 Kg8 46. Ke2 Kf8 47. Kd3 Rd8 48. Bd6+ Kg8 49. Kc4 Rc8 50. Kb5 Ne3 51. c6 Nd5 52. c7 f6 53. Kc6 Kf7 54. Kd7 Nb6+ 55. Kc6 Nd5 0-1

[Event "*** Titled Tuesday Blitz"]
[Site "Chess.com"]
[Date "2020.12.01"]
[Round "2"]
[White "FMKonstantin_Twitch"]
[Black "stepanosinovsky"]
[Result "1-0"]
[WhiteElo "2626"]
[BlackElo "2306"]
[TimeControl "180+1"]
[EndTime "10:18:38 PST"]
[Termination "FMKonstantin_Twitch won by resignation"]

1. d4 Nf6 2. Nf3 g6 3. g3 Bg7 4.
Bg2 O-O 5. O-O d6 6. c3 Nbd7 7. Nbd2 e5 8. e4 Re8 9. Re1 c6 10. Nc4 Qe7 11. dxe5 dxe5 12. Qd6 Qxd6 13. Nxd6 Rd8 14.
Be3 Ng4 15. Bg5 f6 16. Bc1 Nc5 17. Nxc8 Raxc8 18. h3 Nd3 19. Re2 Nxc1 20. Rxc1 Nh6 21. Nd2 Nf7 22. h4 Bh6 23. Rc2 Rd7 24. Bh3 f5 25. exf5 Rcd8 26. Ne4 Rd1+ 27. Kg2 gxf5 28.
Bxf5 Bg7 29. Nc5 Nd6 30. Be6+ Kf8 31. Rcd2 Rxd2 32. Rxd2 Ke7 33. Bb3 b6 34. Ne6 Rg8 35.
Re2 Bf6 36. f4 Nf7 37. Ng5 Bxg5 38. hxg5 Rd8 39. Kf3 Kf8 40. Bxf7 Kxf7 41. Rxe5 Rd2 42. Re2 Rd1 43. Kg4 a5 44. Rh2 Kg7 45. Rh6 Rb1 46. Rxc6 Rxb2 47. a4 b5 48. Rb6 b4 49. cxb4 Rxb4 50.
Ra6 Rxa4 51. Kf5 Ra1 52. g4 a4 53. Ra7+ Kf8 54. Kf6 Ke8 55. Rxh7 a3 56. f5 a2 57.
Ra7 Kd8 58. g6 Kc8 59. g7 Kb8 60. Rf7 Rc1 61. g8=Q+ Rc8 62. Qxc8+ Kxc8 63. Ra7 1-0

[Event "*** Titled Tuesday Blitz"]
[Site "Chess.com"]
[Date "2020.12.01"]
[Round "2"]
[White "parintele_chess"]
[Black "dpopadic"]
[Result "1-0"]
[WhiteElo "2192"]
[BlackElo "2394"]
[TimeControl "180+1"]
[EndTime "10:18:39 PST"]
[Termination "parintele_chess won by resignation"]

1. d4 Nf6 2. c4 g6 3. Nc3 Bg7 4. e4 d6 5. Be2 O-O 6. Bg5 h6 7.
Be3 e5 8. d5 a5 9. h4 h5 10. f3 Na6 11. g4 Bd7 12. Nh3 Nc5 13.
Nf2 c6 14. Qd2 cxd5 15. cxd5 Rb8 16. Bh6 b5 17. Rg1 b4 18. Ncd1 Kh7 19. Bxg7 Kxg7 20. Qg5 hxg4 21. Ne3 Nh5 22. Nf5+ Bxf5 23. Qxd8 Rbxd8 24.
exf5 g3 25. Ne4 gxf5 26. Nxg3 Nxg3 27. Rxg3+ Kf6 28. Kf2 Rg8 29. Rag1 Rxg3 30. Rxg3 Rh8 31. Rh3 f4 32. b3 Kf5 33. Bd1 Kf6 34. Bc2 Rh6 35. Be4 Rh5 36. Bc2 Ke7 37. Rh1 f5 38. Kg2 Kf6 39. Kh3 e4 40. fxe4 fxe4 41. Kg4 Rh8 42. Kxf4 Rh5 43. Bxe4 Re5 44. Bb1 Rxd5 45. h5 Re5 46. h6 Re8 47. h7 Rh8 48. Rh6+ Ke7 49.
Kg5 Ne6+ 50. Kg6 d5 51. Bf5 d4 52. Bxe6 Rxh7 53. Rxh7+ Kxe6 54. Rh2 Ke5 55. Kg5 Ke4 56.
Kg4 Ke3 57. Rh3+ Ke2 58. Rh5 d3 59. Rxa5 d2 60. Re5+ Kf2 61. Rd5 Ke2 62. Kf4 d1=Q 63. Rxd1 Kxd1 64. Ke3 Kc2 65. Kd4 Kb2 66. Kc4 Ka3 67.
Kb5 Kxa2 68. Kxb4 1-0

[Event "*** Titled Tuesday Blitz"]
[Site "Chess.com"]
[Date "2020.12.01"]
[Round "2"]
[White "garfio2017"]
[Black "karinachess1"]
[Result "0-1"]
[WhiteElo "2282"]
[BlackElo "2489"]
[TimeControl "180+1"]
[EndTime "10:18:40 PST"]
[Termination "karinachess1 won on time"]

1. e4 c5 2. c3 d5 3. exd5 Qxd5 4. d4 Nc6 5. Nf3 Bf5 6. Be2 e6 7. O-O Nf6 8. Be3 cxd4 9. Bxd4 Be7 10. Bxf6 Qxd1 11.
Rxd1 Bxf6 12. Na3 O-O 13. h3 Rfd8 14. Nb5 Be7 15. Nbd4 Be4 16. Nxc6 Bxc6 17. Nd4 Ba4 18. b3 Be8 19. Bf3 Rab8 20. Ne2 g6 21. Kf1 Kg7 22. Ke1 f5 23. Rxd8 Bxd8 24. Rd1 Be7 25. Nd4 Kf6 26.
Nc2 b6 27. g3 Rc8 28. c4 g5 29.
Be2 h5 30. f3 Bc5 31. b4 Be7 32. a3 Ba4 33. Rc1 a5 34. bxa5 bxa5 35. Kd2 Bxc2 36. Rxc2 Bxa3 37. Kd3 Bb4 38. Bd1 Rd8+ 39. Ke2 Bd6 40.
g4 fxg4 41. fxg4 h4 42. c5 Bc7 43. c6 Rd5 44. Rc3 Re5+ 45. Kf3 Re1 46. Be2 Ra1 47. Bc4 a4 48. Re3 e5 49. Rd3 Rc1 50.
Ba2 a3 51. Rd7 Rxc6 52. Rh7 Rc3+ 53. Ke4 Kg6 54. Rd7 Rc2 55. Bf7+ Kf6 56. Bg8 Ba5 57. Rd6+ Ke7 0-1

[Event "*** Titled Tuesday Blitz"]
[Site "Chess.com"]
[Date "2020.12.01"]
[Round "2"]
[White "Man-Chuk"]
[Black "gilbert_gm"]
[Result "1-0"]
[WhiteElo "2863"]
[BlackElo "2543"]
[TimeControl "180+1"]
[EndTime "10:18:41 PST"]
[Termination "Man-Chuk won by resignation"]

1. c4 Nf6 2. Nc3 g6 3. e4 e5 4. Nf3 Nc6 5. d4 exd4 6. Nxd4 Bg7 7. Nxc6 dxc6 8. Qxd8+ Kxd8 9. f3 Be6 10. Be2 Nd7 11.
Bd2 Kc8 12. O-O-O b6 13. h4 h5 14. Nd5 Ne5 15. Bc3 cxd5 16. exd5 Bf5 17. f4 Re8 18. fxe5 Bxe5 19. Bxe5 Rxe5 20. Bf3 Kd7 21. Rhe1 Rae8 22. Rxe5 Rxe5 23. Kd2 a5 24. Rf1 Kd6 25.
b3 Kc5 26. g3 Kb4 27. Rf2 Ka3 28. Kc3 Re3+ 29. Kd4 Re1 30. c5 bxc5+ 31. Kxc5 Rc1+ 32. Kb5 Bd7+ 33. Kxa5 Rc5+ 34. Ka6 Kb4 35. Kb7 Rc3 36.
Be2 Bf5 37. Bc4 Rxg3 38. Kxc7 Rg4 39. d6 Rxh4 40. Rxf5 gxf5 41. d7 Rd4 42. d8=Q Rxd8 43. Kxd8 Kc5 44. Be2 h4 45. Ke7 Kd4 46. Kf6 Ke3 47.
Bf1 f4 48. Kg5 Kf2 49. Kxf4 Kxf1 50. Kg4 Ke2 51. Kxh4 Ke3 52. Kg5 Ke4 53. Kf6 1-0

[Event "*** Titled Tuesday Blitz"]
[Site "Chess.com"]
[Date "2020.12.01"]
[Round "2"]
[White "Nikolakis2014"]
[Black "ChainsOfFantasia"]
[Result "1-0"]
[WhiteElo "2715"]
[BlackElo "2474"]
[TimeControl "180+1"]
[EndTime "10:18:43 PST"]
[Termination "Nikolakis2014 won by resignation"]

1. Nf3 Nf6 2. c4 e6 3. g3 d5 4. d4 Be7 5. Bg2 O-O 6. O-O dxc4 7. Qc2 a6 8. a4 c5 9. dxc5 Bxc5 10. Nbd2 b5 11.
axb5 Bb7 12. Nxc4 axb5 13. Rxa8 Bxa8 14. Nce5 Qb6 15. Nd3 Be7 16. Be3 Qa6 17. Nd4 Bxg2 18.
Kxg2 Rc8 19. Qb3 b4 20. Bg5 Nc6 21. Nxc6 Qxc6+ 22. Kg1 Qc2 23. Qxc2 Rxc2 24. Rc1 Rxc1+ 25. Bxc1 Nd5 26. e4 Nc7 27. Kf1 Kf8 28. Ke2 Ke8 29. Bd2 Na6 30. Kd1 b3 31. Bc3 f6 32. f3 Kd7 33. Nc1 Nc5 34. Bd4 Kc6 35. Bxc5 Kxc5 36.
Nxb3+ Kc4 37. Kc2 h5 38. Nc1 Kd4 39. Kd2 Bb4+ 40. Ke2 g6 41. Nd3 Bd6 42. e5 fxe5 43.
Nf2 Be7 44. Ne4 g5 45. h3 g4 46. hxg4 hxg4 47. Nf2 gxf3+ 48. Kxf3 Kc4 49. Ke4 Kb3 50. Nd3 Bf6 51. g4 Bg7 52. g5 Bh8 53. Nc5+ Kxb2 54.
Nxe6 Kc3 55. Nf8 Kc4 56. Nd7 Bg7 57. g6 Bh8 58. Nxe5+ Kc5 59. Kf5 Kd6 60. Nf7+ Ke7 61. Nxh8 Kf8 62. Nf7 Kg8 63. Ng5 Kg7 64. Ne6+ Kg8 65.
Kf6 Kh8 66. Ng5 Kg8 67. Nf7 Kf8 68. g7+ Kg8 69. Nh6+ 1-0

[Event "*** Titled Tuesday Blitz"]
[Site "Chess.com"]
[Date "2020.12.01"]
[Round "2"]
[White "tvjosue"]
[Black "DrMamaliga"]
[Result "1/2-1/2"]
[WhiteElo "2577"]
[BlackElo "2349"]
[TimeControl "180+1"]
[EndTime "10:18:47 PST"]
[Termination "Game drawn by repetition"]

1. b3 Nf6 2. Bb2 g6 3. Bxf6 exf6 4. c4 Bg7 5. Nc3 O-O 6. Rc1 f5 7. g3 c6 8. Bg2 d6 9. e3 Nd7 10. Nge2 Ne5 11. d4 Nd7 12. O-O Qc7 13. b4 a6 14. a4 Rb8 15. b5 axb5 16. axb5 Nb6 17. Na4 Nxa4 18. Qxa4 Bd7 19. bxc6 Bxc6 20. Qb3 Rfc8 21.
Nf4 Qd7 22. Qb6 Bxg2 23. Kxg2 Qc6+ 24. Qxc6 bxc6 25. Rb1 Kf8 26. Rxb8 Rxb8 27. Ra1 Bf6 28. Ra6 Rc8 29. h4 h5 30. Ra7 Bg7 31. Rb7 Bh6 32. Ne2 Bg7 33. Nc1 c5 34. dxc5 Rxc5 35. Rb8+ Ke7 36.
Rb7+ Kf8 37. Nd3 Rxc4 38. Nf4 Be5 39. Nd5 Rc5 40. Nb6 Kg7 41. Rd7 Rb5 42. Nc8 Rb8 43. Nxd6 Bxd6 44. Rxd6 Re8 45. Rd7 Kf6 46. Kf3 Re7 47. Rd4 Re6 48. Ke2 Re4 49. Rd8 Ke7 50.
Ra8 Kf6 51. Ra7 Re7 52. Rxe7 Kxe7 53. Kd3 Kd6 54. Kd4 f6 55. f3 g5 56. f4 g4 57. Kc4 Kc6 58. Kd4 Kd6 59. e4 fxe4 60. Kxe4 Ke6 61. f5+ Kd6 62. Kd4 Kc6 63. Kc4 Kd6 64.
Kd4 Kc6 65. Kc4 Kd6 66. Kd4 1/2-1/2

[Event "*** Titled Tuesday Blitz"]
[Site "Chess.com"]
[Date "2020.12.01"]
[Round "2"]
[White "paulrusan"]
[Black "NiranjanNavalgund"]
[Result "1/2-1/2"]
[WhiteElo "2237"]
[BlackElo "2428"]
[TimeControl "180+1"]
[EndTime "10:18:48 PST"]
[Termination "Game drawn - insufficient material"]

1. e4 e5 2. Nf3 Nc6 3. Bc4 Nf6 4. d3 h6 5. O-O d6 6. c3 g5 7. Re1 Bg7 8. d4 O-O 9. dxe5 Nxe5 10. Nxe5 dxe5 11.
Qe2 Be6 12. f3 Qe7 13. Be3 Nh5 14. g3 Kh8 15. Nd2 a6 16. a4 Rad8 17. b4 Rg8 18. Bc5 Qe8 19. f4 Rxd2 20. Qxd2 Bxc4 21. fxg5 hxg5 22. Qxg5 f6 23. Qd2 Qg6 24. Kh1 Qh7 25.
Bf2 Bh6 26. Qd1 Bg5 27. Qf3 c6 28. a5 f5 29. Rad1 fxe4 30. Qxe4 Qxe4+ 31. Rxe4 Bd5 32. Rxd5 cxd5 33. Rxe5 Nf6 34. Bd4 Kh7 35. Re6 Ne4 36. Kg2 Rc8 37. h4 Bd2 38. Re7+ Kg8 39. Rg7+ Kf8 40.
Rxb7 Bxc3 41. Bxc3 Rxc3 42. b5 Rxg3+ 43. Kh2 axb5 44.
a6 Ra3 45. a7 b4 46. Rb8+ Kg7 47. a8=Q Rxa8 48. Rxa8 b3 49. Rb8 Nd2 50. Kg2 d4 51. Kf2 d3 52. Ke3 Nc4+ 53. Kxd3 Ne5+ 54. Ke4 Nc4 55.
Kd4 Nd2 56. Kd3 Nf3 57. Rxb3 Nxh4 58. Ke4 Ng6 59. Kf5 Ne7+ 60. Kg5 Kf7 61. Rb6 Nd5 62.
Rd6 Ne7 63. Rd7 Ke6 64. Rxe7+ Kxe7 1/2-1/2

[Event "*** Titled Tuesday Blitz"]
[Site "Chess.com"]
[Date "2020.12.01"]
[Round "2"]
[White "plumalka"]
[Black "PavelShkapenko"]
[Result "1-0"]
[WhiteElo "2489"]
[BlackElo "2694"]
[TimeControl "180+1"]
[EndTime "10:18:49 PST"]
[Termination "plumalka won by resignation"]

1. e4 e5 2. Nf3 Nc6 3. Nc3 Nf6 4. a3 Be7 5. d4 d6 6. Bb5 Bd7 7. O-O exd4 8. Nxd4 O-O 9. Nxc6 Bxc6 10. Bxc6 bxc6 11.
f4 Nd7 12. b3 Bf6 13. Bb2 Nc5 14. Qf3 Re8 15. Rae1 Bd4+ 16. Kh1 Qf6 17. g4 Qg6 18. h4 Bxc3 19. Bxc3 Rxe4 20. h5 Qe6 21. b4 Qd5 22. bxc5 Rxe1 23. Bxe1 Qxc5 24. h6 gxh6 25. Qe2 Qd5+ 26. Kh2 Kf8 27. Bc3 Qe6 28. Re1 Qxe2+ 29.
Rxe2 Rb8 30. g5 hxg5 31. fxg5 Rb5 32. Bf6 Rf5 33. c3 h6 34. Rb2 Ke8 35. Re2+ Kf8 36. Be7+ Kg7 37. gxh6+ Kxh6 38. Bd8 Re5 39. Rxe5 dxe5 40.
Bxc7 f6 41. Kg3 Kg6 42. a4 Kf5 43. a5 a6 44. Kf3 Ke6 45. Ke3 f5 46. Bb6 Kd5 47.
Kd3 c5 48. c4+ Kd6 49. Bd8 Ke6 50. Bg5 Kd6 51. Ke3 Ke6 52. Bh6 Kd7 53. Kf3 Kd6 54. Be3 Kc6 55. Kg3 Kd6 56. Bg1 Kc6 57. Kh4 f4 58.
Kg4 Kd6 59. Kf5 f3 60. Ke4 Ke6 61. Kxf3 Kf5 62. Bxc5 e4+ 63. Ke3 Ke5 64. Bd4+ 1-0

[Event "*** Titled Tuesday Blitz"]
[Site "Chess.com"]
[Date "2020.12.01"]
[Round "2"]
[White "asms9699"]
[Black "Chopper1905"]
[Result "1-0"]
[WhiteElo "2599"]
[BlackElo "2964"]
[TimeControl "180+1"]
[EndTime "10:18:50 PST"]
[Termination "asms9699 won by resignation"]

1. c4 c6 2. g3 d5 3. Bg2 e5 4.
d4 exd4 5. Qxd4 Nf6 6. Nf3 Be6 7. O-O c5 8. Qd1 Nc6 9. cxd5 Qxd5 10. Nc3 Qxd1 11. Rxd1 Be7 12. Bf4 O-O 13. Ne5 Rac8 14. Nxc6 bxc6 15. Rac1 h6 16. Bd6 Rfe8 17. Bxe7 Rxe7 18.
Rd2 Rb7 19. a3 c4 20. Na4 Rb5 21. Nc3 Ra5 22. Rd6 Nd5 23. Ne4 Nb6 24. Nd2 Rb5 25. Rc2 Bd5 26. Bxd5 cxd5 27. e4 dxe4 28. Nxe4 Re8 29. Nd2 Re2 30. Kf1 Rbe5 31. Nxc4 Rxc2 32. Nxe5 Rxb2 33. Rd8+ Kh7 34. Nxf7 Ra2 35. Rd3 Kg6 36.
Ne5+ Kf5 37. Nc6 a6 38. Nb4 Ra1+ 39. Kg2 a5 40. Nd5 Nc4 41. Ne3+ Ke4 42. Rc3 Nxa3 43.
Nc2 Nxc2 44. Rxc2 a4 45. Rc7 g5 46. Rc6 h5 47. Rc5 g4 48. Rxh5 a3 49. Rg5 Rb1 50.
Rxg4+ Kd3 51. Ra4 Rb3 52. h4 Kc2 53. h5 Kb2 54. g4 a2 55. Rxa2+ Kxa2 56. h6 Rb7 57. g5 Kb3 58. g6 Rb6 59. g7 Rg6+ 60. Kf3 Kc4 61. Ke4 Kc5 62. h7 Rxg7 63. h8=Q Re7+ 64.
Qe5+ Rxe5+ 65. Kxe5 Kc6 66. Ke6 Kc7 67. Ke7 Kc6 68. f4 Kd5 69. f5 Ke5 70. f6 Kf5 71. f7 Kg6 72. f8=Q Kh7 73. Qf2 Kh8 74. Qg3 1-0

[Event "*** Titled Tuesday Blitz"]
[Site "Chess.com"]
[Date "2020.12.01"]
[Round "2"]
[White "GothamChess"]
[Black "Shield12"]
[Result "0-1"]
[WhiteElo "2563"]
[BlackElo "2930"]
[TimeControl "180+1"]
[EndTime "10:18:50 PST"]
[Termination "Shield12 won by resignation"]

1. e4 c5 2. a3 g6 3. Nc3 Bg7 4. Bc4 e6 5. d3 Ne7 6. Ba2 Nbc6 7. h4 h6 8. h5 g5 9. f4 gxf4 10.
Bxf4 d6 11. Nf3 Nd4 12. Qd2 Qb6 13. Rb1 Bd7 14. b4 Rc8 15. Nxd4 cxd4 16. Ne2 Qa6 17.
O-O Qxa3 18. Bb3 Qa6 19. Rf2 Qb6 20. Rbf1 f5 21. Bg3 Bf6 22. exf5 Nxf5 23. Rxf5 exf5 24.
Nf4 Bg5 25. Qe2+ Kd8 26. Nd5 Re8 27. Qf2 Qc6 28. Bh4 Be6 29. Bxg5+ hxg5 30. Qxd4 Bxd5 31. Bxd5 Qb6 32. Qxb6+ axb6 33. Rxf5 g4 34. c4 g3 35.
Kf1 Ra8 36. Be4 Ra2 37. Rf3 Ra1+ 38. Ke2 Rh1 39. Rxg3 b5 40. Rg5 bxc4 41. Kd2 Rh4 42. Bg6 Rh8 43. dxc4 Rxc4 44. Rd5 Ke7 45. Rb5 Kf6 46.
Rxb7 Rg4 47. Ke3 Rxg2 48. Kf4 Rf2+ 49. Kg3 Rb2 50. Kf4 Rf2+ 51. Ke3 Rh2 52. Kf4 Rh4+ 53.
Kg3 Rc4 54. Rf7+ Kg5 55. Rb7 Rc3+ 56. Kf2 d5 57. Rb5 Rd8 58. Ke2 Kf4 59. Kd2 Rh3 60. Rb7 d4 61. Rf7+ Kg5 62. Rf5+ Kh6 63. Rf4 Rb3 64.
Ke2 d3+ 65. Kd2 Rb2+ 66. Ke3 d2 67. Ke2 d1=Q+ 0-1

[Event "*** Titled Tuesday Blitz"]
[Site "Chess.com"]
[Date "2020.12.01"]
[Round "2"]
[White "Titus369"]
[Black "Zhigalko_Sergei"]
[Result "1-0"]
[WhiteElo "2573"]
[BlackElo "2874"]
[TimeControl "180+1"]
[EndTime "10:18:50 PST"]
[Termination "Titus369 won on time"]

1. e4 c5 2. Nf3 Nc6 3. d4 cxd4 4. Nxd4 Nf6 5. Nc3 e5 6. Ndb5 d6 7. Bg5 a6 8. Na3 b5 9. Nd5 Be7 10. Bxf6 Bxf6 11. c3 Bg5 12. Nc2 Ne7 13. h4 Bh6 14. a4 bxa4 15. Nce3 Bxe3 16. Nxe3 O-O 17. Qxa4 Be6 18.
Bc4 a5 19. O-O Qc7 20. Rfd1 Rfc8 21. Bxe6 fxe6 22. Qa2 Kf7 23. Nf5 Rd8 24. Rd3 g6 25. Ne3 Qc6 26. Nc4 Rac8 27. Rxd6 Qc5 28. Rxd8 Rxd8 29.
Qxa5 Qxa5 30. Rxa5 Rd1+ 31. Kh2 Kf6 32. Nxe5 Rd2 33.
Ng4+ Kf7 34. Rb5 h5 35. Ne5+ Kf6 36. f4 Rd8 37. Rb7 Rd2 38. Nf3 Re2 39. Ng5 e5 40.
fxe5+ Kxe5 41. Rxe7+ Kf4 42. Rf7+ Kg4 43. Nf3 Rxe4 44.
Rf6 Re2 45. Rxg6+ Kf4 46. Rg5 Rxb2 47. Rxh5 Rc2 48. Rc5 Kg4 49. h5 Ra2 50. h6 Ra8 51. h7 Rh8 52. Rg5+ Kf4 53. Rh5 Kg4 54. Rh3 Kf5 55. c4 Kg4 56. c5 Kf5 57. c6 Kg6 58. c7 Kg7 59. c8=Q Rxc8 60. h8=Q+ Rxh8 61. Rxh8 Kxh8 62. Kg3 Kg7 63. Kg4 Kf6 64. Kh5 Kf5 65. g4+ Kf6 66. Kh6 Kf7 67. Kh7 Kf6 68. g5+ 1-0

[Event "*** Titled Tuesday Blitz"]
[Site "Chess.com"]
[Date "2020.12.01"]
[Round "2"]
[White "nubair1198"]
[Black "Zorbos"]
[Result "0-1"]
[WhiteElo "2807"]
[BlackElo "2534"]
[TimeControl "180+1"]
[EndTime "10:18:52 PST"]
[Termination "Zorbos won on time"]

1. c4 e6 2. Nf3 d5 3. e3 Nf6 4. b3 Be7 5. Bb2 c5 6. cxd5 exd5 7. Be2 Nc6 8. d4 cxd4 9. Nxd4 Bb4+ 10. Bc3 Qa5 11.
Bxb4 Qxb4+ 12. Qd2 Qxd2+ 13. Nxd2 Nxd4 14. exd4 O-O 15. O-O Re8 16. Bb5 Bd7 17. Bxd7 Nxd7 18. Rfe1 Rac8 19.
Rxe8+ Rxe8 20. Rc1 Nf8 21. Kf1 Ne6 22. Nf3 f6 23. h4 Kf7 24. b4 Re7 25. Rc3 h5 26. a4 Kg6 27. Re3 Kf5 28. g3 Rc7 29. a5 Rc4 30. b5 Rb4 31. a6 b6 32. Ng1 Rxb5 33.
Ne2 Ra5 34. g4+ hxg4 35. Ng3+ Kf4 36. Rxe6 Rxa6 37. Re7 g6 38. Kg2 Ra4 39. h5 gxh5 40.
Rh7 h4 41. Rxh4 Kg5 42. Rh5+ Kg6 43. Rxd5 a5 44. Ne4 f5 45. Rd6+ Kf7 46. Nc3 Rc4 47. Nb5 a4 48. d5 Rc5 49. Na3 b5 50. Rd7+ Kf6 51. Rb7 Rxd5 52. Nxb5 f4 53. Nc3 Rd4 54.
Rb6+ Ke5 55. Rb5+ Kf6 56. Ra5 g3 57. f3 Rd2+ 58. Kh3 Rh2+ 59. Kg4 g2 60. Ne2 Rh1 61.
Kxf4 Re1 62. Rf5+ Ke7 63. Rg5 Rxe2 64. Rg7+ Kf6 65. Rg8 a3 0-1

[Event "*** Titled Tuesday Blitz"]
[Site "Chess.com"]
[Date "2020.12.01"]
[Round "2"]
[White "stoleriu"]
[Black "Infernal_XaM"]
[Result "1/2-1/2"]
[WhiteElo "2547"]
[BlackElo "2842"]
[TimeControl "180+1"]
[EndTime "10:18:54 PST"]
[Termination "Game drawn by repetition"]

1. e4 e5 2. Nf3 Nc6 3. Bb5 Bc5 4. O-O Nd4 5. Nxd4 Bxd4 6. c3 Bb6 7. d4 Qf6 8. Be3 Ne7 9. Na3 exd4 10. Bxd4 Qg6 11. Nc4 O-O 12. Nxb6 axb6 13. Bd3 d6 14. Qf3 Nc6 15.
a3 Bg4 16. Qg3 Bd7 17. Rfe1 Qxg3 18. hxg3 Nxd4 19. cxd4 c5 20. dxc5 bxc5 21. Rad1 Ba4 22. Rd2 Rfe8 23. Bc4 Rad8 24. f3 Kf8 25. Kf2 h6 26.
Re3 Bc6 27. Red3 Ke7 28. Bd5 f6 29. Rb3 Bxd5 30. Rxd5 Rd7 31. Rb6 Ra8 32. Rd3 Ra7 33. Ke3 Rd8 34. Rdb3 Rd7 35. Rd3 Ra6 36. Rxa6 bxa6 37.
Rb3 Ra7 38. Rb8 Kd7 39. Kd3 Kc7 40. Rg8 Kc6 41. Rc8+ Kb5 42. Rb8+ Kc6 43. Rc8+ Kd7 44. Rg8 Ke6 45. Rb8 a5 46. Kc4 a4 47. Kb5 Ke5 48. Kc4 Ke6 49. Kb5 f5 50. Kc4 fxe4 51. fxe4 Rf7 52. Ra8 Rf2 53. Rxa4 Rxb2 54. Ra7 g5 55. Rh7 Rxg2 56. Rxh6+ Ke5 57. a4 Re2 58. a5 Rxe4+ 59.
Kb5 Rb4+ 60. Kc6 c4 61. a6 c3 62. a7 Ra4 63. Kb7 Ke4 64. Rxd6 c2 65. Rc6 Kd3 66. a8=Q Rxa8 67. Kxa8 Kd2 68. Rd6+ Ke2 69. Rc6 Kd2 70. Rd6+ Ke2 71. Rc6 Kd2 1/2-1/2